 Dungeon Crawl Stone Soup version 0.29.1-15-g9cfb28693d (webtiles) character file.

Game seed: 1579768554190931505

1738 leafyfresh the Covert (level 9, -2/61 HPs)
             Began as an Octopode Delver on Mar 4, 2023.
             Was an Initiate of Ashenzari.
             Slain by an ogre
             ... wielding a +0 giant spiked club
              (19 damage)
             ... on level 7 of the Dungeon.
             The game lasted 00:09:53 (7274 turns).

leafyfresh the Covert (Octopode Delver)             Turns: 7274, Time: 00:09:53

Health: -2/61      AC:  2    Str: 12    XL:     9   Next: 5%
Magic:  6/9        EV: 22    Int: 16    God:    Ashenzari [......]
Gold:   302        SH:  0    Dex: 18    Spells: 5/8 levels left

rFire   . . .      SeeInvis .   (weapon currently unavailable)
rCold   + . .      Faith    .   (shield currently unavailable)
rNeg    . . .      Spirit   .   (helmet currently unavailable)
rPois   x          Reflect  .   (no amulet)
rElec   .          Harm     .   n - ring of protection from cold
rCorr   +          Rampage  .   x - ring of resist corrosion
Will    +....                   D - ring of willpower
Stlth   ++++......              (no ring)
HPRegen 0.20/turn               (no ring)
MPRegen 0.11/turn               (no ring)
                                (no ring)
                                (no ring)

@: spider-form
A: venomous fangs, almost no armour, (amphibious), 8 rings, tiny, (camouflage
1), (gelatinous body 1), (nimble swimmer 1), (tentacles)
a: End Transformation, Renounce Religion


You were on level 7 of the Dungeon.
You worshipped Ashenzari.
Ashenzari was noncommittal.
You were a venomous arachnid creature.
You visited 2 branches of the dungeon, and saw 8 of its levels.
You also visited: Sewer.

You collected 302 gold pieces.

Inventory:

Hand Weapons
 a - a +0 short sword
 c - a +2 rapier of protection (melded)
 w - a +2 dagger of venom
Missiles
 d - 3 silver boomerangs
 y - 2 atropa-tipped darts (quivered)
Jewellery
 g - a ring of ice
 n - a ring of protection from cold (left front leg)
 q - a ring of ice
 x - a ring of resist corrosion (right front leg)
 D - a ring of willpower (on tentacle)
Wands
 f - a wand of digging (3)
 o - a wand of paralysis (22)
 u - a wand of flame (13)
Scrolls
 b - 2 scrolls of fog
 h - 5 scrolls of identify {unknown}
 i - 5 scrolls of amnesia {unknown}
 l - a scroll of poison {unknown}
 m - 2 scrolls of magic mapping
 r - a scroll of immolation {unknown}
 z - 2 scrolls of enchant armour {unknown}
 A - 3 scrolls of teleportation {unknown}
 C - 3 scrolls of blinking {unknown}
 E - a scroll of acquirement {unknown}
Potions
 e - 4 potions of haste
 j - 5 potions of curing
 k - 4 potions of flight
 p - a potion of attraction {unknown}
 s - 3 potions of cancellation {unknown}
 t - a potion of brilliance {unknown}
 v - a potion of ambrosia {unknown}
 B - 2 potions of degeneration {unknown}
 F - a potion of invisibility {unknown}


   Skills:
 - Level 5.5 Fighting
 - Level 2.0 Short Blades
 - Level 5.0 Dodging
 - Level 8.9 Stealth
 + Level 8.0 Transmutations


You had 5 spell levels left.
You knew the following spells:

 Your Spells              Type           Power      Damage    Failure   Level
a - Spider Form           Tmut/Pois      12%        N/A       32%         3

Your spell library contained the following spells:

 Spells                   Type           Power      Damage    Failure   Level
 Ensorcelled Hibernation  Hex/Ice        0%         N/A       58%         2
 Gell's Gravitas          Tloc           0%         N/A       78%         3
 Lesser Beckoning         Tloc           0%         N/A       78%         3
 Teleport Other           Tloc           0%         N/A       78%         3
 Anguish                  Hex/Necr       0%         N/A       98%         4


Dungeon Overview and Level Annotations

Branches:
Dungeon (7/15)             Temple (1/1) D:6           Sewer (visited)

Altars:
Ashenzari
Cheibriados
Dithmenos
Gozag
Makhleb
Nemelex Xobeh
Okawaru
Uskayaw
Wu Jian
Zin
The Shining One

Shops:
D:1 (   D:7 =


Innate Abilities, Weirdness & Mutations

You are a venomous arachnid creature.
You have poisonous fangs.
You are tiny and dextrous.
Your spellcasting is less reliable in this form.
Your armour is entirely melded.
You are incapable of wielding weapons or throwing items.
You cannot wear most types of armour.
((You are amphibious.))
You can wear up to eight rings at the same time.
((Your skin changes colour to match your surroundings (Stealth+).))
((Your rubbery body absorbs attacks. (AC +1, EV +1)))
((You are camouflaged when in or above water. (Stealth+)))
((You have tentacles for arms and can constrict up to eight enemies at once.))


Message History

You kill the hound!
Your Transmutations skill increases to level 8!
A gnoll is nearby!
The gnoll shouts!
There are monsters nearby!
The ogre closely misses you.
There are monsters nearby!
You hit the ogre.
Your weapon exudes an aura of protection.
The ogre is lightly wounded.
You puncture the ogre!
The ogre is moderately wounded.
The ogre hits you with a +0 giant spiked club!
The gnoll hits you with a +0 whip.
You barely miss the ogre.
The ogre is moderately wounded.
The ogre closely misses you. The gnoll hits you but does no damage.
Casting: Spider Form (dangerous; 14% risk of failure)
Confirm with . or Enter, or press ? or * to list all spells.
You turn into a venomous arachnid creature.
Your +2 rapier of protection melds into your body.
Your +2 rapier of protection goes still.
The gnoll shouts!
The gnoll closely misses you.
You hit the ogre.
The ogre is poisoned.
The ogre is heavily wounded.
The ogre completely misses you. The gnoll misses you.
You hit the ogre.
The ogre looks as sick as possible!
The ogre is severely wounded.
The ogre hits you with a +0 giant spiked club!!
The gnoll completely misses you.
You hit the ogre.
The ogre looks as sick as possible!
The ogre is almost dead.
The gnoll hits you with a +0 whip!
* * * LOW HITPOINT WARNING * * *
Unknown command.
You hit the ogre.
The ogre is almost dead.
The ogre hits you with a +0 giant spiked club!!
You die...

#........)#.#
##........#.##.
#..............
#.)<#+##.######
#.<)#.##.####
#..)........###
'..##.##g......
#..##.##g##.###
#..##....sO..#
#..#####.###.#
#........#
##.#[.##..#
#..##.##..#
#...^...>†###.#
#..###........#
##..###...######
#.........#


You could see an ogre (extremely poisoned) and 2 gnolls.

Vanquished Creatures
  Menkaure (D:4)
  2 water moccasins (D:6)
  An orc warrior (D:6)
  A black bear (D:4)
  An ogre (D:5)
  A phantom (D:6)
  A kobold brigand (Sewer)
  A bullfrog (D:7)
  A necrophage (D:6)
  2 scorpions (D:5)
  A howler monkey (D:4)
  4 hounds
  3 jellies
  2 orc priests
  A gnoll bouda (D:7)
  Jessica (D:3)
  3 orc wizards
  3 iguanas
  7 adders
  2 river rats (Sewer)
  2 white imps
  2 worms
  11 dart slugs
  21 orcs
  8 ball pythons
  10 bats
  6 endoplasms
  2 giant cockroaches
  9 goblins
  4 hobgoblins
  A jackal (Sewer)
  4 quokkas
  3 frilled lizards
  8 kobolds
  5 rats
135 creatures vanquished.

Notes
Turn   | Place    | Note
-------+----------+-------------------------------------------
     0 | D:5      | leafyfresh the Octopode Delver began the quest for the Orb.
     0 | D:5      | Reached XP level 1. HP: 16/16 MP: 1/1
    16 | D:5      | Noticed a scorpion
    38 | D:5      | Killed a scorpion
    39 | D:5      | Reached XP level 2. HP: 9/22 MP: 2/2
    39 | D:5      | Reached XP level 3. HP: 11/27 MP: 3/3
    39 | D:5      | Reached XP level 4. HP: 14/33 MP: 4/4
   261 | D:4      | Found a glowing drain.
   288 | Sewer    | Entered a sewer
   346 | Sewer    | Noticed a kobold brigand
   742 | Sewer    | Killed a kobold brigand
   743 | Sewer    | Reached XP level 5. HP: 15/37 MP: 5/5
   944 | Sewer    | Found a white marble altar of Elyvilon.
  1123 | D:4      | Noticed a black bear
  1135 | D:4      | Killed a black bear
  1136 | D:4      | Reached XP level 6. HP: 31/44 MP: 6/6
  1397 | D:4      | Noticed Menkaure
  1404 | D:4      | Killed Menkaure
  1405 | D:4      | Reached skill level 5 in Fighting
  1405 | D:4      | Reached XP level 7. HP: 50/50 MP: 7/7
  2182 | D:3      | Noticed Jessica
  2184 | D:3      | Killed Jessica
  2996 | D:1      | Found a faded altar of an unknown god.
  3018 | D:1      | Found Romeff's Weapon Boutique.
  3189 | D:1      | Reached skill level 5 in Dodging
  3730 | D:3      | Learned a level 3 spell: Spider Form
  3863 | D:5      | Reached skill level 1 in Transmutations
  3947 | D:5      | Reached XP level 8. HP: 44/56 MP: 8/8
  4943 | D:6      | Reached skill level 5 in Transmutations
  5168 | D:6      | Found a staircase to the Ecumenical Temple.
  5184 | Temple   | Entered the Ecumenical Temple
  5329 | Temple   | Became a worshipper of Ashenzari the Shackled
  5976 | D:6      | Found a glowing golden altar of the Shining One.
  7181 | D:7      | Reached XP level 9. HP: 61/61 MP: 9/9
  7200 | D:7      | Found Qafe's Jewellery Shop.
  7274 | D:7      | Slain by an ogre

Illustrated notes

Levels and vault maps discovered:
D:1:      dpeg_arrival_houses_and_road, layout_basic, serial_shops,
          nicolae_shop_bloodbath_and_beyond, basic_ecumenical_altar
D:2:      layout_rooms
D:3:      layout_basic, uniq_jessica
D:4:      layout_loops_ring, portal_sewer_entry_a, uniq_menkaure
D:5:      kennysheep_slugbush, layout_basic,
          mainiacjoe_overflow_concentric_impassable
D:6:      minmay_diamond_boxcup, layout_cave_pools, kennysheep_mini_moat,
          minmay_temple_entry_glassed_door
D:7:      minmay_the_grid_plus_closed [minmay_the_grid_tri_star,
          minmay_the_grid_plusring, minmay_the_grid_spikes,
          minmay_the_grid_diamond_grid, minmay_the_grid_prize_four_corners],
          layout_basic, nicolae_qazlal_general_emergency,
          chequers_temple_overflow_statue_of_worship, serial_shops,
          nicolae_take_the_stairs
Temple:   dpeg_chambers_temple

Skill      XL: |  1  2  3  4  5  6  7  8  9 |
---------------+----------------------------+-----
Stealth        | 7 8 |  8.9
Dodging        | 3 4 5 |  5.0
Fighting       | 4 5 |  5.5
Transmutations | 3 7 8 |  8.0
Short Blades   | |  2.0

Action                   |  1- 3 |  4- 6 |  7- 9 || total
-------------------------+-------+-------+-------++-------
Melee: Short sword       |    11 |     9 |       ||    20
       Tentacles         |     4 |    14 |    48 ||    66
       Constrict         |     2 |    13 |    46 ||    61
       Punch             |     2 |     1 |       ||     3
       Rapier            |       |    43 |   222 ||   265
       Unarmed           |       |       |    16 ||    16
 Cast: Spider Form       |       |       |     3 ||     3
  Use: Scroll            |       |     1 |     3 ||     4
 Stab: Sleeping          |       |     7 |    33 ||    40
       Distracted        |       |     2 |       ||     2
Armor: Skin              |       |    11 |    50 ||    61
Dodge: Dodged            |     8 |    43 |   181 ||   232
